AoeStats
← 风也温柔

Arena

511503940Analyzed
4v4 RM · 11d ago on Oct 5, 2026· 45m 54s· 8 players
Game mode
Random Map
Map size
Large (8 player)
Population
200
Speed
Normal
Resources
Standard
Victory
Conquest
Starting age
Dark Age
Ending age
Imperial Age
RankedLock teamsTeams togetherTeam positionsShared explorationLock speedFull tech treeHidden civsTurbo modeCheats
Victory
Defeat
🇨🇳 Persians · China
1080
+16
🇨🇳 Teutons · China
1078
+16
🇨🇳 Huns · China
1064
+17
1062
+17
vs
🇨🇱 Turks · Chile
1113
-17
🇲🇲 Mongols · Myanmar (Burma)
1109
-17
🇹🇷 Spanish · Türkiye
1088
-37
🇬🇧 Romans · United Kingdom
1044
-15
嬴政1号
10:27 Feudal Age
14:43 Castle Age
15:58 Double-Bit Axe
19:57 Horse Collar
21:04 Wheelbarrow
21:33 Heavy Plow
23:19 Hand Cart
23:44 Bow Saw
25:09 Gold Mining
25:10 Stone Mining
29:45 Imperial Age
28:21 Gold Shaft Mining
28:47 Husbandry
28:58 Bloodlines
28:56 Scale Barding Armor
29:02 Forging
29:36 Marauders
30:25 Chain Barding Armor
31:35 Conscription
31:56 Iron Casting
33:35 Plate Barding Armor
34:44 Blast Furnace
33:39 Elite Tarkan
Not Dwight Kurt Schrute III
11:14 Feudal Age
16:46 Castle Age
18:44 Loom
20:27 Double-Bit Axe
24:10 Horse Collar
30:39 Siege Engineers
41:27 Wheelbarrow
40:38 Town Watch
41:32 Town Watch
42:24 Gold Mining
45:52 Imperial Age
45:05 Hand Cart
44:50 Town Patrol
bluestorm
10:37 Feudal Age
14:04 Castle Age
12:13 Double-Bit Axe
12:13 Horse Collar
13:59 Wheelbarrow
20:11 Bow Saw
21:15 Loom
24:09 Heavy Plow
24:56 Gold Mining
24:56 Stone Mining
25:55 Hand Cart
28:57 Fletching
30:49 Scale Barding Armor
30:55 Forging
31:42 Bodkin Arrow
36:01 Imperial Age
33:43 Padded Archer Armor
35:26 Chain Barding Armor
35:42 Iron Casting
36:03 Bloodlines
35:53 Husbandry
35:13 Light Cavalry
35:39 Elite War Elephant
35:49 Sappers
36:40 Conscription
37:03 Plate Barding Armor
38:40 Blast Furnace
38:41 Hussar
43:44 Devotion
45:31 Caravan
NickJiang
10:40 Feudal Age
12:06 Double-Bit Axe
14:38 Castle Age
16:58 Loom
17:06 Fletching
17:54 Guard Tower
19:00 Bodkin Arrow
21:42 Wheelbarrow
31:20 Imperial Age
30:40 Hand Cart
30:22 Gold Mining
31:07 Scale Mail Armor
30:33 Pikeman
31:13 Squires
30:58 Arson
32:10 Chain Mail Armor
31:24 Capped Ram
32:55 Halberdier
35:35 Bow Saw
35:07 Horse Collar
36:57 Crenellations
37:45 Padded Archer Armor
40:56 Chemistry
40:17 Ballistics
40:30 Elite Skirmisher
风也温柔
8:55 Loom
11:33 Feudal Age
15:02 Castle Age
13:22 Horse Collar
14:31 Double-Bit Axe
30:29 Wheelbarrow
29:57 Padded Archer Armor
34:00 Gold Mining
34:53 Husbandry
35:53 Bow Saw
35:45 Heavy Plow
37:10 Bloodlines
37:07 Inquisition
41:03 Stone Mining
43:12 Sanctity
45:51 Imperial Age
hactor
10:57 Feudal Age
12:21 Double-Bit Axe
15:59 Castle Age
13:47 Horse Collar
14:57 Gold Mining
16:11 Bloodlines
16:59 Bow Saw
17:31 Heavy Plow
19:44 Loom
20:07 Scale Barding Armor
22:28 Wheelbarrow
21:57 Town Watch
22:16 Husbandry
22:41 Town Patrol
23:04 Chain Barding Armor
25:18 Gold Shaft Mining
25:55 Stone Mining
28:03 Fletching
28:30 Hand Cart
32:01 Imperial Age
29:41 Bodkin Arrow
29:29 Light Cavalry
31:44 Ballistics
31:20 Murder Holes
32:10 Elite Mangudai
33:40 Parthian Tactics
34:18 Chemistry
34:59 Bracer
34:59 Padded Archer Armor
35:30 Hussar
39:49 Leather Archer Armor
39:45 Forging
44:02 Pikeman
44:42 Squires
44:28 Arson
Donelson
10:06 Feudal Age
14:28 Castle Age
13:22 Double-Bit Axe
13:26 Horse Collar
16:01 Heavy Plow
21:22 Gold Mining
21:57 Bow Saw
22:57 Scale Barding Armor
24:25 Chain Barding Armor
24:16 Forging
29:43 Iron Casting
30:33 Wheelbarrow
33:50 Imperial Age
31:36 Fortified Wall
32:12 Hand Cart
31:50 Town Watch
34:00 Cavalier
34:41 Husbandry
34:55 Bloodlines
35:37 Plate Barding Armor
36:03 Blast Furnace
34:55 Pikeman
36:04 Scale Mail Armor
42:45 Squires
42:46 Halberdier
45:14 Chain Mail Armor
McNulty
11:59 Feudal Age
13:03 Double-Bit Axe
15:37 Castle Age
13:45 Horse Collar
20:39 Imperial Age
18:24 Gold Mining
19:36 Bow Saw
21:03 Padded Archer Armor
22:41 Leather Archer Armor
26:15 Ring Archer Armor
34:40 Heavy Plow
35:42 Two-Man Saw
36:19 Fletching
Connection lost

Rejoining the realm…

Still unreachable

The connection could not be restored.

Session expired

The server has moved on; the page needs a fresh start.